 Dungeon Crawl Stone Soup version 0.24-a0-355-gbe4061de67 (webtiles) character file.

Game seed: 12311886642803014785

1434 sla the Basher (level 8, 0/67 HPs)
             Began as a Minotaur Fighter on May 24, 2019.
             Slain by Erica
             ... wielding a +3 scimitar of flaming
              (12 damage)
             ... on level 9 of the Dungeon.
             The game lasted 00:10:35 (4444 turns).

sla the Basher (Minotaur Fighter)                   Turns: 4444, Time: 00:10:35

Health: 0/67       AC:  5    Str: 23    XL:     8   Next: 45%
Magic:  7/7        EV: 11    Int:  5    God:
Gold:   165        SH:  0    Dex: 10    Spells: 7/7 levels left

rFire    . . .     SeeInvis .   b - +1 whip (flame)
rCold    . . .     Gourm    .   (no shield)
rNeg     . . .     Faith    .   E - +2 robe {Archmagi}
rPois    .         Spirit   .   (helmet restricted)
rElec    .         Reflect  .   (no cloak)
rCorr    .         Harm     .   u - +0 pair of gloves (curse)
MR       .....                  (no boots)
Stlth    ++........             (no amulet)
HPRegen  0.21/turn              j - ring of stealth
MPRegen  0.10/turn              (no ring)

@: starving, slowed, very slow
A: retaliatory headbutt, horns 2
a: no special abilities


You were on level 9 of the Dungeon.
You were starving.

You visited 1 branch of the dungeon, and saw 7 of its levels.

You collected 165 gold pieces.

Inventory:

Hand Weapons
 a - a +0 flail
 b - a +1 whip of flaming (weapon)
Missiles
 t - 2 boomerangs (quivered)
Armour
 c - a +0 shield
 k - a cursed +0 chain mail
 u - a cursed +0 pair of gloves (worn)
 D - a +0 scale mail
 E - a +2 robe of the Archmagi (worn)
Jewellery
 j - a ring of stealth (left hand)
 y - an uncursed amulet of magic regeneration {unknown}
Wands
 o - a wand of iceblast (8)
 C - a wand of paralysis (6)
Scrolls
 e - 5 scrolls of identify {unknown}
 g - 2 scrolls of teleportation {unknown}
 i - a scroll of noise {unknown}
 l - 2 scrolls of immolation {unknown}
 m - 2 scrolls of remove curse {unknown}
 n - a scroll of random uselessness {unknown}
 p - a scroll of magic mapping {unknown}
 q - 3 scrolls of amnesia {unknown}
 s - a scroll of fear {unknown}
Potions
 d - a potion of might
 h - a potion of magic {unknown}
 r - 2 potions of mutation {unknown}
 v - a potion of degeneration {unknown}
 w - a potion of berserk rage {unknown}
 x - a potion of resistance {unknown}
 A - a potion of agility {unknown}
 B - a potion of flight {unknown}
Comestibles
 f - 13 rations
 F - 3 chunks of flesh


   Skills:
 + Level 4.8 Fighting
 - Level 12.0 Maces & Flails
 - Level 3.6 Armour
 - Level 3.7 Shields


You had 7 spell levels left.
You didn't know any spells.
Your spell library was empty.

Dungeon Overview and Level Annotations

Branches:
Dungeon (6/15)
 Temple: D:4-7

Altars:
Ashenzari
Dithmenos
Gozag
Kikubaaqudgha
Ru
Wu Jian
Zin

Shops:
D:5 }

Annotations:
D:9 Erica


Innate Abilities, Weirdness & Mutations

You reflexively headbutt those who attack you in melee.
You have a pair of horns on your head.


Message History

You closely miss Erica.
Erica is heavily wounded.
The shadow imp shouts, "Slither away, thou mangled unchin-snouted pigeon-egg!"
The shadow imp closely misses you.
You closely miss Erica. You headbutt Erica.
Erica is heavily wounded.
Erica barely misses you. You furiously retaliate!
You headbutt Erica, but do no damage.
You feel better. The shadow imp hits you.
* * * LOW HITPOINT WARNING * * *
You barely miss the shadow imp.
The shadow imp is severely wounded.
Erica gestures at you while chanting.
You feel yourself slow down. The shadow imp gestures at you.
Pain shoots through your body!
* * * LOW HITPOINT WARNING * * *
You feel better.
Erica hits you with a +3 scimitar of flaming!
You die...

#. ...#
#.####..##
#........
#..#.#..#
#..#....#
#.......##
#.....oZ#
###..##5#
.###### #5.##@#
.......##.Z##@#
......Z$Zoo##H..
.?........o...##
#.####.......#
#.......#
#.......#
#.......#
#.......#


You could see Erica, a hippogriff, an orc warrior, a shadow imp and an adder
skeleton.

Vanquished Creatures
  Pikel (D:5)
  Sigmund (D:4)
  Menkaure (D:4)
  A slave (D:5)
  A centaur (D:5)
  Blork the orc (D:5)
  A bullfrog (D:6)
  A howler monkey (D:9)
  A crimson imp (D:5)
  A centaur zombie (D:5)
  A hound (D:5)
  3 orc wizards
  2 worker ants
  A hound zombie (D:9)
  2 hound skeletons (D:5)
  Robin (D:4)
  6 adders
  3 gnolls (D:5)
  2 adder skeletons
  A worm (D:4)
  A dart slug (D:1)
  2 leopard geckos
  7 orcs
  9 bats
  6 giant cockroaches
  11 goblins
  8 hobgoblins
  9 jackals
  A quokka (D:4)
  2 ball pythons
  6 frilled lizards
  6 kobolds
  A quokka skeleton (D:5)
  4 rats
105 creatures vanquished.

Notes
Turn   | Place    | Note
-------+----------+-------------------------------------------
     0 | D:1      | sla the Minotaur Fighter began the quest for the Orb.
     0 | D:1      | Reached XP level 1. HP: 19/19 MP: 0/0
    39 | D:1      | Reached skill level 3 in Maces & Flails
   208 | D:1      | Reached XP level 2. HP: 26/26 MP: 1/1
   877 | D:2      | Reached skill level 4 in Maces & Flails
  1068 | D:2      | Reached XP level 3. HP: 27/31 MP: 2/2
  1462 | D:3      | Reached skill level 5 in Maces & Flails
  1729 | D:3      | Reached XP level 4. HP: 39/39 MP: 3/3
  1836 | D:3      | Found an opulent altar of Gozag.
  2112 | D:4      | Noticed Robin
  2119 | D:4      | Killed Robin
  2119 | D:4      | Reached skill level 6 in Maces & Flails
  2553 | D:4      | Noticed Sigmund
  2566 | D:4      | Killed Sigmund
  2566 | D:4      | Reached skill level 7 in Maces & Flails
  2566 | D:4      | Reached XP level 5. HP: 24/45 MP: 4/4
  2566 | D:4      | Reached XP level 6. HP: 28/51 MP: 5/5
  2774 | D:4      | Found a sacrificial altar of Ru.
  2785 | D:4      | Reached skill level 8 in Maces & Flails
  3058 | D:4      | Noticed Menkaure
  3067 | D:4      | Killed Menkaure
  3079 | D:4      | Found a faded altar of an unknown god.
  3079 | D:4      | Found an ancient bone altar of Kikubaaqudgha.
  3084 | D:4      | Found an opulent altar of Gozag.
  3098 | D:4      | Found a faded altar of an unknown god.
  3099 | D:4      | Found an ornate altar of the Wu Jian Council.
  3186 | D:5      | Entered Level 5 of the Dungeon
  3290 | D:5      | Reached skill level 9 in Maces & Flails
  3349 | D:5      | Found a glowing silver altar of Zin.
  3408 | D:5      | Noticed Blork the orc
  3418 | D:5      | Killed Blork the orc
  3418 | D:5      | Reached XP level 7. HP: 52/57 MP: 6/6
  3541 | D:5      | Found Piming's Gadget Shop.
  3864 | D:5      | Found a shadowy altar of Dithmenos.
  3864 | D:5      | Found a shattered altar of Ashenzari.
  3993 | D:5      | Noticed Pikel
  4001 | D:5      | Reached skill level 10 in Maces & Flails
  4014 | D:5      | Killed Pikel
  4014 | D:5      | Reached skill level 11 in Maces & Flails
  4014 | D:5      | Reached XP level 8. HP: 38/64 MP: 7/7
  4337 | D:6      | Reached skill level 12 in Maces & Flails
  4398 | D:6      | You fall into a shaft and drop 3 floors!
  4421 | D:9      | Noticed Erica
  4438 | D:9      | Noticed a hippogriff
  4444 | D:9      | Slain by Erica

Levels and vault maps discovered:
D:1:      mrwooster_arrival_statue_2, layout_basic
D:2:      layout_loops_cross, minmay_pentomino_v4
D:3:      layout_rooms, minmay_misc_feat_rugged, grunt_gozag_breadcrumbs
D:4:      layout_gridville, nicolae_ru_great_annihilating_truth,
          chequers_temple_overflow_minitemple, first_ration, uniq_sigmund,
          uniq_robin, uniq_menkaure
D:5:      layout_loops_corners, gammafunk_temple_overflow_wave, zin_treasury,
          serial_shops, shop, uniq_pikel, uniq_blork_the_orc
D:6:      layout_cave_pools, tgw_trog, nemelex_xobeh_ov_fountains_minmay,
          led_sif_book, portal_sewer_entry_e, serial_shops,
          kennysheep_mini_moat, nicolae_shop_trees, nicolae_shop_behind_doors,
          grunt_decor_resistance
D:9:      layout_loops_cross, serial_shops, kennysheep_mini, uniq_erica

Skill      XL: |  1  2  3  4  5  6  7  8 |
---------------+-------------------------+-----
Maces & Flails | 3 4 5 7 9 11 12 | 12.0
Fighting       | 4 |  4.8
Armour         | |  3.6
Shields        | |  3.7

Action                   |  1- 3 |  4- 6 |  7- 9 || total
-------------------------+-------+-------+-------++-------
Melee: Flail             |    68 |   100 |    53 ||   221
       Headbutt          |     8 |    18 |    17 ||    43
       Whip              |       |       |    46 ||    46
  Use: Potion            |       |       |     2 ||     2
 Stab: Sleeping          |       |       |     1 ||     1
  Eat: Chunk             |     3 |     5 |     1 ||     9
Armor: Scale mail        |    51 |    46 |    16 ||   113
       Robe              |       |       |     4 ||     4
Dodge: Dodged            |    46 |    60 |    37 ||   143
Block: Shield            |     4 |       |       ||     4

Table legend:
 A = Non-vault XP
 B = Vault XP
 C = Vault XP percentage of total XP
 D = Non-vault monster count
 E = Vault monster count
 F = Vault count percentage of total count
                 A         B        C        D         E       F
            +---------+---------+-------+---------+---------+-------
      Total |     830 |    1219 |  59.5 |      83 |      21 |  20.2
            +---------+---------+-------+---------+---------+-------
        D:1 |      29 |       0 |   0.0 |      17 |       0 |   0.0
        D:2 |      19 |       3 |  13.6 |      10 |       2 |  16.7
        D:3 |      89 |       0 |   0.0 |      14 |       0 |   0.0
        D:4 |      45 |     479 |  91.4 |      14 |      17 |  54.8
        D:5 |     343 |     737 |  68.2 |      15 |       2 |  11.8
        D:6 |     183 |       0 |   0.0 |       8 |       0 |   0.0
        D:9 |     122 |       0 |   0.0 |       5 |       0 |   0.0
            +---------+---------+-------+---------+---------+-------
